 Dungeon Crawl Stone Soup version 0.28-a0-479-g5baa6b73be (webtiles) character file.

Game seed: 7740093939240811175

16 pmoppi the Conjurer (level 2, -4/22 HPs)
             Began as a Draconian Conjurer on Sept 17, 2021.
             Killed by divine providence
             ... invoked by an orc priest
              (14 damage)
             ... on level 3 of the Dungeon.
             The game lasted 00:02:38 (1048 turns).

pmoppi the Conjurer (Draconian Conjurer)            Turns: 1048, Time: 00:02:39

Health: -4/22      AC:  4    Str:  9    XL:     2   Next: 41%
Magic:  4/5        EV: 12    Int: 18    God:
Gold:   44         SH:  0    Dex:  9    Spells: 4/5 levels left

rFire   . . .      SeeInvis .   d - +0 dagger
rCold   . . .      Faith    .   (no shield)
rNeg    . . .      Spirit   .   (armour unavailable)
rPois   .          Reflect  .   (helmet restricted)
rElec   .          Harm     .   (no cloak)
rCorr   .          Rampage  .   (no gloves)
Will    .....                   (no boots)
Stlth   ++........              (no amulet)
HPRegen 0.07/turn               (no ring)
MPRegen 0.09/turn               (no ring)

@: no status effects
A: AC +4, unfitting armour, cold-blooded
a: no special abilities


You were on level 3 of the Dungeon.
You visited 1 branch of the dungeon, and saw 3 of its levels.

You collected 44 gold pieces.

Inventory:

Hand Weapons
 d - a +0 dagger (weapon)
Jewellery
 a - a ring of positive energy
 c - a ring of resist corrosion
Scrolls
 b - a scroll of fog {unknown}
 f - a scroll of fear {unknown}
 h - 3 scrolls of identify {unknown}
 j - a scroll of immolation {unknown}
Potions
 e - a potion of curing {unknown}
 g - 2 potions of flight {unknown}
 i - a potion of berserk rage {unknown}
 k - a potion of brilliance {unknown}


   Skills:
 + Level 0.9 Fighting
 + Level 2.1 Dodging
 - Level 1.7 Stealth
 + Level 2.2 Spellcasting
 + Level 4.1 Conjurations


You had 4 spell levels left.
You knew the following spells:

 Your Spells              Type           Power      Damage    Failure   Level
a - Magic Dart            Conj           68%        1d6       3%          1

Your spell library contained the following spells:

 Spells                   Type           Power      Damage    Failure   Level
 Searing Ray              Conj           34%        2d5       4%          2
 Beastly Appendage        Tmut           4%         N/A       19%         1
 Conjure Flame            Conj/Fire      9%         6-21      22%         3
 Dazzling Flash           Conj/Hex       18%        N/A       22%         3
 Gell's Gravitas          Tloc           1%         N/A       47%         3
 Ignite Poison            Fire/Tmut/Pois 2%         N/A       47%         3
 Lesser Beckoning         Tloc           2%         N/A       47%         3
 Teleport Other           Tloc           2%         N/A       47%         3
 Fulminant Prism          Conj/Hex       4%         3d6       58%         4
 Iskenderun's Mystic Bla  Conj/Tloc      9%         2d4       58%         4
 Sticky Flame             Conj/Fire      9%         2d3       58%         4


Dungeon Overview and Level Annotations

Branches:
Dungeon (3/15)

Altars:

Shops:
D:2 (


Innate Abilities, Weirdness & Mutations

Your plain brown scales are hard. (AC +4)
You cannot fit into any form of body armour.
You are cold-blooded and may be slowed by cold attacks.


Message History

A bat is nearby!
A bat is nearby!
The bat barely misses you.
Casting: Magic Dart (safe; 3% risk of failure)
Confirm with . or Enter, or press ? or * to list all spells.
Aiming: Magic Dart (safe; 3% risk of failure)
Press: ? - help, Shift-Dir - straight line, f - bat
Aim: a bat (100% to hit)
The magic dart hits the bat.
You kill the bat!
There is an escape hatch in the ceiling here.
Found a ring mail.
Found a short sword.
You see here a +0 short sword.
k - a smoky orange potion Done exploring.
Done exploring.
You see here a +0 short sword.
There is a stone staircase leading down here.
You climb downwards.
The orc priest shouts!
The orc shouts!
The kobold shouts!
The goblin shouts!
The orc shouts!
The kobold shouts!
Found a fuming ruby potion and a cloak.
There is a stone staircase leading up here.
Casting: Magic Dart (safe; 3% risk of failure)
Confirm with . or Enter, or press ? or * to list all spells.
Aiming: Magic Dart (safe; 3% risk of failure)
Press: ? - help, Shift-Dir - straight line, f - orc priest
Aim: an orc priest, wielding a +0 whip and wearing a +0 scale mail (100% to hit)
The magic dart hits the orc priest.
The orc priest is lightly wounded.
The orc shouts!
The orc priest calls down the wrath of Beogh upon you.
Beogh smites you!
Ouch! That really hurt!
The rat closely misses you.
The orc priest mumbles some strange prayers to Beogh against you.
Beogh smites you!
Ouch! That really hurt!
You die...

##.....##
##.......##
#.........#
#....o.oo.#
#.....og..#
#.........#
###....r.o..#
!......@....#
###.......K.#
#.........#
#.[...K...#
#.........#
#.........##
...##.....##
.## #######


You could see an orc priest, 4 orcs, a goblin, 2 kobolds and a rat.

Vanquished Creatures
  A ball python (D:1)
  A bat (D:2)
  An endoplasm (D:1)
  A giant cockroach (D:2)
  2 hobgoblins (D:1)
  A kobold (D:1)
  2 frilled lizards (D:2)
  3 goblins
  3 rats
15 creatures vanquished.

Notes
Turn   | Place    | Note
-------+----------+-------------------------------------------
     0 | D:1      | pmoppi the Draconian Conjurer began the quest for the Orb.
     0 | D:1      | Reached XP level 1. HP: 14/14 MP: 3/3
   181 | D:1      | Found a faded altar of an unknown god.
   189 | D:1      | Got Plato's Tome of Shape Shifting
   398 | D:1      | Reached XP level 2. HP: 22/22 MP: 3/5
   746 | D:2      | Found Usost's Antique Weapon Boutique.
  1048 | D:3      | Killed from afar by an orc priest

Illustrated notes

Levels and vault maps discovered:
D:1:      minmay_arrival_open_corners, layout_basic,
          shapermc_ecumenical_altar_rom_forum
D:2:      layout_basic, serial_shops, shop
D:3:      layout_rooms, grunt_dithmenos_smoke_and_mirrors

Skill      XL: |  1 |
---------------+----+-----
Dodging        | 2 |  2.1
Fighting       | |  0.9
Stealth        | |  1.7
Spellcasting   | |  2.2
Conjurations   | |  4.1

Action                   || total
-------------------------++-------
 Cast: Magic Dart        ||    24
Dodge: Dodged            ||     4

Table legend: (Time is in decaauts)
 A = Elapsed time spent in this place.
 B = Non-inter-level travel time spent in this place.
 C = Inter-level travel time spent in this place.
 D = Time resting spent in this place.
 E = Time spent auto-exploring this place.
 F = Levels seen in this place.
 G = Mean time per level.
                   A        B        C        D        E       F      G
               +--------+--------+--------+--------+--------+-----+--------+
         Total |   1047 |   1005 |     42 |     26 |    844 |   3 |  349.0 |
       Dungeon |   1047 |   1005 |     42 |     26 |    844 |   3 |  349.0 |
               +--------+--------+--------+--------+--------+-----+--------+

Top non-repeatable levels by time:
     D:1: 590 daAuts
     D:2: 454 daAuts
     D:3: 1 daAuts
